AoeStats
← 帝国的铁汉

Lombardia

510154693Analyzed
3v3 RM · 3d ago on Sep 29, 2026· 70m 58s· 6 players
Game mode
Random Map
Map size
Normal (6 player)
Population
200
Speed
Normal
Resources
Standard
Victory
Conquest
Starting age
Dark Age
Ending age
Imperial Age
RankedLock teamsTeams togetherTeam positionsShared explorationLock speedFull tech treeHidden civsTurbo modeCheats
Victory
Defeat
🇨🇳 Persians · China
1384
+12
🇭🇰 Wei · Hong Kong SAR China
1291
+16
🇨🇳 Varangians · China
1286
+16
🇬🇧 Saxons · United Kingdom
1321
-15
🇬🇧 Danes · United Kingdom
1302
-15
🇬🇧 Varangians · United Kingdom
1271
-14
Vheissu
9:29 Loom
11:34 Feudal Age
13:14 Double-Bit Axe
15:55 Castle Age
14:15 Horse Collar
17:53 Bow Saw
25:51 Wheelbarrow
28:47 Heavy Plow
29:06 Hand Cart
31:45 Imperial Age
29:55 Scale Mail Armor
29:19 Hamask
30:47 Squires
31:07 Chain Mail Armor
32:28 Forging
32:49 Conscription
32:31 Town Watch
32:17 Elite Varangian Guard
34:34 Plate Mail Armor
34:56 Iron Casting
40:03 Blast Furnace
39:37 Arson
39:17 Heavy Scorpion
43:30 Ballistics
44:23 Chemistry
49:05 Pikeman
49:55 Caravan
54:03 Siege Engineers
55:25 Halberdier
LandRoverDave
6:45 Loom
9:31 Feudal Age
12:55 Bloodlines
13:08 Forging
14:31 Double-Bit Axe
17:49 Horse Collar
22:38 Castle Age
26:48 Heavy Plow
27:02 Bow Saw
28:01 Stone Mining
29:47 Wheelbarrow
30:20 Gold Mining
34:07 Imperial Age
31:57 Fletching
33:03 Hand Cart
33:34 Scale Barding Armor
35:11 Iron Casting
35:00 Chain Barding Armor
35:12 Town Watch
37:05 Husbandry
38:12 Conscription
37:26 Elite Jarl
39:18 Plate Barding Armor
41:57 Blast Furnace
43:12 Stone Shaft Mining
43:30 Bodkin Arrow
49:07 Light Cavalry
52:44 Caravan
53:13 Hussar
55:22 Capped Ram
63:50 Siege Ram
JonnyJellyfish
9:42 Feudal Age
10:32 Double-Bit Axe
12:12 Loom
13:26 Town Watch
15:27 Fletching
15:25 Horse Collar
20:52 Castle Age
22:31 Heavy Plow
22:43 Bow Saw
29:00 Wheelbarrow
28:18 Gold Mining
32:33 Imperial Age
30:30 Hand Cart
31:56 Thumb Ring
32:50 Ballistics
32:18 Treadmill Crane
33:17 Bodkin Arrow
33:22 Padded Archer Armor
32:50 Pikeman
33:30 Squires
33:15 Arson
33:32 Scale Mail Armor
34:34 Gold Shaft Mining
34:02 Bracer
33:55 Stone Mining
34:37 Crop Rotation
35:09 Two-Man Saw
34:01 Crossbowman
34:06 Halberdier
35:10 Conscription
34:11 Shield Wall
35:31 Arbalester
37:16 Chemistry
36:37 Leather Archer Armor
36:24 Scale Mail Armor
36:35 Forging
37:26 Town Patrol
38:06 Chain Mail Armor
38:30 Iron Casting
38:26 Ring Archer Armor
39:32 Plate Mail Armor
40:52 Scale Barding Armor
40:17 Elite Varangian Guard
42:28 Chain Barding Armor
50:30 Masonry
52:22 Coinage
53:34 Capped Ram
54:24 Siege Engineers
54:49 Architecture
56:20 Elite Skirmisher
57:14 Elite Hearth Troop
58:30 Hoardings
60:33 Banking
64:07 Gambesons
65:58 Block Printing
我就不睡
11:10 Feudal Age
16:35 Castle Age
15:01 Horse Collar
15:59 Double-Bit Axe
18:54 Loom
25:17 Bow Saw
25:35 Heavy Plow
26:53 Wheelbarrow
26:43 Stone Mining
27:56 Gold Mining
29:34 Hand Cart
29:04 Town Watch
33:40 Imperial Age
31:43 Forging
31:38 Scale Barding Armor
32:44 Bloodlines
32:34 Husbandry
32:31 Treadmill Crane
34:17 Iron Casting
34:03 Chain Barding Armor
34:54 Stone Shaft Mining
33:54 Elite Jarl
34:56 Conscription
34:07 Capped Ram
35:43 Ballistics
35:55 Siege Ram
37:48 Blast Furnace
38:18 Two-Man Saw
38:10 Crop Rotation
38:56 Plate Barding Armor
38:38 Fletching
38:51 Scale Mail Armor
38:55 Caravan
55:25 Bodkin Arrow
55:30 Padded Archer Armor
56:43 Masonry
56:38 Siege Engineers
61:54 Chain Mail Armor
63:06 Pikeman
63:47 Squires
63:32 Arson
66:21 Architecture
65:46 Murder Holes
66:55 Chemistry
70:34 Fortified Wall
别忘了喝醉
4:30 Loom
10:24 Feudal Age
17:35 Castle Age
16:59 Bloodlines
26:43 Double-Bit Axe
29:07 Wheelbarrow
30:13 Bow Saw
32:07 Horse Collar
32:35 Gold Mining
32:36 Stone Mining
32:57 Scale Barding Armor
33:03 Forging
32:56 Husbandry
35:40 Imperial Age
33:42 Heavy Plow
34:20 Town Watch
34:55 Hand Cart
35:48 Gold Shaft Mining
36:11 Chain Barding Armor
36:27 Iron Casting
36:03 Heavy Hei Guang Cavalry
37:06 Conscription
36:48 Tuntian
37:50 Crop Rotation
38:37 Ming Guang Armor
39:07 Town Patrol
40:20 Blast Furnace
39:11 Fletching
40:05 Caravan
40:27 Fortified Wall
40:39 Ballistics
41:19 Chemistry
40:31 Masonry
42:39 Padded Archer Armor
42:34 Bodkin Arrow
42:24 Treadmill Crane
45:46 Elite Skirmisher
45:59 Light Cavalry
47:43 Leather Archer Armor
47:29 Bracer
48:09 Thumb Ring
49:15 Hussar
51:10 Ring Archer Armor
50:42 Scale Mail Armor
51:35 Pikeman
52:15 Squires
52:15 Capped Ram
54:26 Siege Ram
57:55 Parthian Tactics
帝国的铁汉
11:00 Feudal Age
10:13 Loom
12:09 Double-Bit Axe
14:40 Castle Age
12:51 Horse Collar
14:24 Gold Mining
14:37 Pikeman
18:34 Squires
24:29 Wheelbarrow
24:16 Stone Mining
26:12 Town Watch
26:47 Bow Saw
28:45 Heavy Plow
29:24 Gold Shaft Mining
30:25 Hand Cart
35:55 Imperial Age
33:31 Fletching
33:42 Padded Archer Armor
33:47 Devotion
34:23 Caravan
34:54 Coinage
35:03 Ballistics
35:04 Bodkin Arrow
35:19 Forging
35:15 Scale Barding Armor
35:14 Husbandry
35:25 Bloodlines
35:19 Kamandaran
35:32 Masonry
36:26 Citadels
35:36 Elite War Elephant
36:37 Conscription
36:58 Iron Casting
36:55 Guilds
38:10 Hoardings
38:38 Chemistry
38:42 Blast Furnace
38:03 Chain Barding Armor
39:03 Two-Man Saw
39:21 Crop Rotation
39:28 Plate Barding Armor
39:09 Leather Archer Armor
38:59 Scale Mail Armor
38:46 Gambesons
38:47 Arson
39:46 Banking
40:16 Architecture
40:43 Chain Mail Armor
41:22 Stone Shaft Mining
40:25 Sappers
43:59 Faith
48:47 Plate Mail Armor
48:03 Capped Ram
48:10 Light Cavalry
50:08 Hussar
52:50 Town Patrol
52:17 Siege Ram
55:48 Cavalier
57:30 Savar
Connection lost

Rejoining the realm…

Still unreachable

The connection could not be restored.

Session expired

The server has moved on; the page needs a fresh start.